 Dungeon Crawl Stone Soup version 0.20.1-1-g8b1a95d (webtiles) character file.

30 letownia2 the Grave Robber (level 3, 0/28 HPs)
             Began as a Deep Dwarf Necromancer on Nov 4, 2017.
             Slain by an adder (3 damage)
             ... on level 2 of the Dungeon.
             The game lasted 00:02:47 (784 turns).

letownia2 the Grave Robber (Deep Dwarf Necromancer)  Turns: 784, Time: 00:02:48

Health: 0/28       AC:  2    Str: 11    XL:     3   Next: 3%
Magic:  1/6        EV: 12    Int: 16    God:
Gold:   93         SH:  3    Dex: 13    Spells: 5/6 levels left

rFire    . . .     SeeInvis .   a - +0 dagger
rCold    . . .     Gourm    .   (no shield)
rNeg     . . .     Faith    .   g - +0 robe
rPois    .         Spirit   .   (no helmet)
rElec    .         Reflect  +   (no cloak)
rCorr    .         Harm     .   (no gloves)
MR       .....                  (no boots)
Stlth    ++........             l - +3 amulet of reflection
Regen    0.0/turn               (no ring)
MPRegen  0.1/turn               (no ring)

@: non-regenerating
A: damage resistance, heal wounds, sense surroundings 1, no regeneration
a: Heal Wounds


You were on level 2 of the Dungeon.
You were not hungry.

You visited 1 branch of the dungeon, and saw 2 of its levels.

You collected 93 gold pieces.

Inventory:

Hand Weapons
 a - a +0 dagger (weapon)
Armour
 d - a +0 ring mail
 g - a +0 robe (worn)
Jewellery
 l - a +3 amulet of reflection (around neck)
Scrolls
 h - a scroll of immolation {unknown}
 j - 2 scrolls of enchant armour {unknown}
 m - a scroll of identify {unknown}
Potions
 e - 2 potions of curing {unknown}
 i - a potion of haste {unknown}
 n - 2 potions of cancellation {unknown}
Books
 b - a book of Necromancy

   Spells                             Type                      Level
   a - Pain                           Necromancy                   1
   b - Animate Skeleton               Necromancy                   1
   c - Vampiric Draining              Necromancy                   3
   d - Regeneration                   Charms/Necromancy            3
   e - Animate Dead                   Necromancy                   4
   f - Control Undead                 Necromancy                   4
Comestibles
 c - 4 bread rations
 f - 5 chunks of flesh
 k - a royal jelly


   Skills:
 - Level 2.1 Dodging
 - Level 2.4 Stealth
 - Level 2.1 Spellcasting
 + Level 5.2 Necromancy


You had 5 spell levels left.
You knew the following spells:

 Your Spells              Type           Power        Failure   Level  Hunger
a - Pain                  Necr           ###.         2%          1    #......


Dungeon Overview and Level Annotations

Branches:
Dungeon (2/15)

Altars:


Innate Abilities, Weirdness & Mutations

You are resistant to damage.
You can heal yourself by infusing magical energy.
You passively map a small area around you.
You do not regenerate.


Message History

Casting: Pain
Confirm with . or Enter, or press ? or * to list all spells.
Aiming: Pain
Press: ? - help, Shift-Dir - straight line, f/p - adder
Aim: an adder (chance to defeat MR: 84%)
The adder writhes in agony!
You block the adder's attack.
Casting: Pain
Confirm with . or Enter, or press ? or * to list all spells.
Aiming: Pain
Press: ? - help, Shift-Dir - straight line, f/p - adder
Aim: an adder (lightly wounded, chance to defeat MR: 84%)
The adder writhes in agony!
You block the adder's attack.
Casting: Pain
Confirm with . or Enter, or press ? or * to list all spells.
Aiming: Pain
Press: ? - help, Shift-Dir - straight line, f/p - adder
Aim: an adder (moderately wounded, chance to defeat MR: 84%)
The adder writhes in agony!
The adder completely misses you. The adder bites you.
You die...

,...
...).#......#####.
,...
...#........##....
**..
..##........##.###
,..#.##........##.###
.#.##.#.....#......
,.....##...##.#.##. *
#g## ######.#.##) #S#
#######.#.... #@#
#.......###..
#.####.####..###..
#.##.#.####.......
#...#..#..........
####.#.#.##.#####.
#.....##.# #.
###......# #.
######## ##


You could see an adder and a goblin.

Vanquished Creatures
  An adder (D:2)
  2 dart slugs
  A leopard gecko (D:2)
  A bat (D:2)
  A goblin (D:1)
  4 hobgoblins
  A frilled lizard (D:2)
  A kobold (D:1)
  5 rats
17 creatures vanquished.

Notes
Turn   | Place    | Note
-------+----------+-------------------------------------------
     0 | D:1      | letownia2 the Deep Dwarf Necromancer began the quest for the Orb.
     0 | D:1      | Reached XP level 1. HP: 15/15 MP: 3/3
   376 | D:1      | Reached XP level 2. HP: 16/22 MP: 3/5
   486 | D:2      | Reached skill level 5 in Necromancy
   678 | D:2      | Reached XP level 3. HP: 3/28 MP: 3/6
   784 | D:2      | Slain by an adder

Skill      XL: |  1  2 |
---------------+-------+-----
Spellcasting   | 2 |  2.1
Necromancy     | 5 |  5.2
Dodging        | |  2.1
Stealth        | |  2.4

Action                   || total
-------------------------++-------
Melee: Unarmed           ||     2
       Dagger            ||     1
 Cast: Pain              ||    35
 Stab: Sleeping          ||     1
Armor: Robe              ||     3
Dodge: Dodged            ||    10
Block: Other             ||     3
